 Dungeon Crawl Stone Soup version 0.23-a0-446-g036aa52d93 (webtiles) character file.

111 Hercules1031 the Ducker (level 4, -1/23 HPs)
             Began as a Spriggan Monk on Nov 18, 2018.
             Slain by an orc priest
             ... wielding a +0 dagger
              (3 damage)
             ... on level 3 of the Dungeon.
             The game lasted 00:10:08 (2940 turns).

Hercules1031 the Ducker (Spriggan Monk)             Turns: 2940, Time: 00:10:08

Health: -1/23      AC:  2    Str:  7    XL:     4   Next: 62%
Magic:  5/5        EV: 22    Int: 11    God:
Gold:   114        SH:  0    Dex: 19    Spells: 3/3 levels left

rFire    . . .     SeeInvis +   a - +0 short sword
rCold    . . .     Gourm    .   (shield restricted)
rNeg     . . .     Faith    .   b - +0 robe
rPois    .         Spirit   .   (helmet restricted)
rElec    .         Reflect  .   (no cloak)
rCorr    .         Harm     .   (gloves unavailable)
MR       .....                  (boots unavailable)
Stlth    +++.......             (no amulet)
HPRegen  0.07/turn              g - ring of wizardry
MPRegen  0.09/turn              (no ring)

@: hasted, very quick
A: very small, unfitting armour, see invisible, herbivore, speed 3, slow
metabolism 2
a: no special abilities


You were on level 3 of the Dungeon.
You were not hungry.

You visited 1 branch of the dungeon, and saw 3 of its levels.

You collected 114 gold pieces.

Inventory:

Hand Weapons
 a - a +0 short sword (weapon)
Armour
 b - a +0 robe (worn)
Jewellery
 g - a ring of wizardry (left hand)
 h - an uncursed amulet of faith
Scrolls
 f - a scroll of enchant weapon {unknown}
Potions
 e - a potion of degeneration {unknown}
Comestibles
 c - 5 rations


   Skills:
 + Level 2.9 Fighting
 + Level 3.8 Short Blades
 * Level 5.9 Dodging
 * Level 4.7 Stealth


You had 3 spell levels left.
You didn't know any spells.
Your spell library was empty.

Dungeon Overview and Level Annotations

Branches:
Dungeon (3/15)

Altars:
Hepliaklqana
Okawaru
Vehumet


Innate Abilities, Weirdness & Mutations

You are very small and have problems with some larger weapons.
You are too small for most types of armour.
You have supernaturally acute eyesight. (SInv)
You are a herbivore.
You cover ground extremely quickly.
You need to consume almost no food.


Message History

The orc priest is lightly wounded.
The orc priest completely misses you.
You hit the orc priest but do no damage.
The orc priest is lightly wounded.
The orc misses you.
The orc priest hits you with a +0 dagger.
You hit the orc priest but do no damage.
The orc priest is lightly wounded.
The orc hits you with a +0 dagger.
The orc priest mumbles some strange prayers to Beogh against you.
Pain shoots through your body!
* * * LOW HITPOINT WARNING * * *
You hit the orc priest but do no damage.
The orc priest is lightly wounded.
The orc completely misses you. The orc priest misses you.
It was a potion of haste.
You feel yourself speed up. The orc hits you with a +0 dagger.
* * * LOW HITPOINT WARNING * * *
The orc priest hits you with a +0 dagger.
You die...

##### #...#
#......# #...#
#<.....# #...####
#...(..# #......#
.......# #.####o#
#......# #.####@#
......!# #....#o#
......[#######<#.#
#.wo..oo......#####
#?####..........).#
.. #............#
## #............#
#............#
#............#


You could see an orc priest and an orc.

Vanquished Creatures
  6 adders (D:2)
  A leopard gecko (D:2)
  3 orcs (D:3)
  6 giant cockroaches
  7 goblins
  10 hobgoblins
  2 jackals (D:2)
  A quokka (D:2)
  7 bats
  A frilled lizard (D:1)
  3 kobolds
  5 rats (D:1)
52 creatures vanquished.

Notes
Turn   | Place    | Note
-------+----------+-------------------------------------------
     0 | D:1      | Hercules1031 the Spriggan Monk began the quest for the Orb.
     0 | D:1      | Reached XP level 1. HP: 11/11 MP: 2/2
   351 | D:1      | Reached XP level 2. HP: 16/16 MP: 3/3
   490 | D:1      | Reached skill level 5 in Dodging
  1257 | D:2      | Reached XP level 3. HP: 10/19 MP: 4/4
  1847 | D:2      | Found a radiant altar of Vehumet.
  1847 | D:2      | Found an iron altar of Okawaru.
  1970 | D:2      | Reached XP level 4. HP: 11/23 MP: 5/5
  2553 | D:2      | Found a hazy altar of Hepliaklqana.
  2940 | D:3      | Slain by an orc priest

Vault maps used:
D:1:      mainiacjoe_arrival_reflecting_pool, minmay_pentomino_p2
D:2:      lemuel_crystal_altar, gammafunk_temple_overflow_elements
D:3:      lemuel_doored_altar, bloody_makhleb

Skill      XL: |  1  2  3 |
---------------+----------+-----
Dodging        | 5 |  5.9
Stealth        | 4 |  4.7
Fighting       | |  2.9
Short Blades   | |  3.8

Action                   |  1- 3 |  4- 6 || total
-------------------------+-------+-------++-------
Melee: Short sword       |   167 |    80 ||   247
  Use: Potion            |     4 |     1 ||     5
       Scroll            |     1 |     1 ||     2
 Stab: Sleeping          |     3 |     5 ||     8
Armor: Robe              |    11 |     5 ||    16
       Skin              |    43 |       ||    43
Dodge: Dodged            |   209 |    87 ||   296

Table legend:
 A = Non-vault XP
 B = Vault XP
 C = Vault XP percentage of total XP
 D = Non-vault monster count
 E = Vault monster count
 F = Vault count percentage of total count
                 A         B        C        D         E       F
            +---------+---------+-------+---------+---------+-------
      Total |     156 |       3 |   1.9 |      50 |       2 |   3.8
            +---------+---------+-------+---------+---------+-------
        D:1 |      27 |       3 |  10.0 |      18 |       2 |  10.0
        D:2 |     120 |       0 |   0.0 |      29 |       0 |   0.0
        D:3 |       9 |       0 |   0.0 |       3 |       0 |   0.0
            +---------+---------+-------+---------+---------+-------
